AoeStats
← deano earlhs

Black Forest

510272199Analyzed
2v2 RM · 18h ago on Sep 30, 2026· 61m 12s· 4 players
Game mode
Random Map
Map size
Medium (4 player)
Population
200
Speed
Normal
Resources
Standard
Victory
Conquest
Starting age
Dark Age
Ending age
Imperial Age
RankedLock teamsTeams togetherTeam positionsShared explorationLock speedFull tech treeHidden civsTurbo modeCheats
Victory
Defeat
🇹🇷 Vietnamese · Türkiye
668
+16
🇬🇧 Franks · United Kingdom
646
+17
🇭🇰 Chinese · Hong Kong SAR China
773
-53
🇨🇳 Romans · China
570
-13
deano earlhs
1:14 Loom
13:24 Feudal Age
14:54 Wheelbarrow
19:32 Castle Age
20:23 Double-Bit Axe
23:13 Stone Mining
23:56 Husbandry
31:06 Hand Cart
34:42 Bow Saw
36:32 Scale Barding Armor
36:28 Scale Mail Armor
36:29 Padded Archer Armor
36:40 Forging
36:21 Fletching
39:44 Imperial Age
37:01 Town Watch
37:06 Treadmill Crane
37:47 Ballistics
38:35 Squires
38:24 Gambesons
39:13 Gold Mining
41:10 Elite Throwing Axeman
44:04 Chemistry
42:47 Cavalier
43:36 Chivalry
47:45 Pikeman
52:21 Halberdier
53:33 Caravan
54:56 Paladin
HÜSREV AĞA
0:40 Loom
15:04 Feudal Age
16:08 Double-Bit Axe
16:36 Horse Collar
16:50 Gold Mining
16:53 Stone Mining
19:47 Wheelbarrow
22:33 Castle Age
22:25 Forging
22:16 Scale Mail Armor
22:19 Padded Archer Armor
23:19 Heavy Plow
23:44 Bow Saw
28:41 Man-at-Arms
29:22 Squires
29:08 Arson
29:31 Caravan
30:11 Coinage
29:34 Long Swordsman
31:13 Elite Skirmisher
31:59 Thumb Ring
33:06 Ballistics
32:27 Treadmill Crane
33:41 Hand Cart
35:58 Imperial Age
35:48 Iron Casting
35:03 Fletching
35:29 Leather Archer Armor
36:54 Chain Mail Armor
36:09 Imperial Skirmisher
37:55 Chemistry
38:13 Paper Money
38:58 Banking
38:35 Bodkin Arrow
38:34 Two-Handed Swordsman
39:13 Town Watch
40:25 Champion
42:31 Guilds
47:24 Pikeman
49:05 Elite Rattan Archer
59:57 Capped Ram
la_key9913
11:15 Feudal Age
18:34 Castle Age
16:33 Horse Collar
18:49 Gold Mining
18:50 Stone Mining
18:48 Double-Bit Axe
20:51 Pikeman
22:00 Bow Saw
22:53 Heavy Plow
24:16 Wheelbarrow
24:15 Scale Mail Armor
24:49 Fletching
25:35 Hand Cart
26:57 Bodkin Arrow
35:11 Imperial Age
33:32 Chain Mail Armor
33:28 Forging
33:48 Man-at-Arms
35:00 Caravan
35:45 Iron Casting
34:37 Long Swordsman
35:16 Halberdier
37:17 Town Watch
38:18 Comitatenses
38:10 Town Patrol
40:26 Blast Furnace
39:29 Padded Archer Armor
41:20 Heavy Scorpion
42:45 Leather Archer Armor
42:49 Ballistas
48:06 Murder Holes
49:14 Chemistry
48:35 Ballistics
Yukinoshita Yukino
13:14 Feudal Age
20:08 Castle Age
18:31 Double-Bit Axe
19:10 Horse Collar
22:21 Stone Mining
22:45 Bow Saw
23:40 Crossbowman
26:39 Fletching
26:59 Thumb Ring
27:46 Pikeman
29:24 Bodkin Arrow
29:31 Padded Archer Armor
30:35 Wheelbarrow
31:43 Heavy Plow
32:16 Hand Cart
32:35 Gold Mining
33:13 Leather Archer Armor
38:27 Imperial Age
38:20 Scale Mail Armor
38:32 Forging
38:39 Bloodlines
38:32 Squires
38:31 Heavy Rocket Cart
39:35 Caravan
40:02 Town Watch
40:44 Halberdier
42:32 Light Cavalry
44:37 Elite Chu Ko Nu
45:05 Light Cavalry
47:56 Chemistry
48:14 Ballistics
47:51 Murder Holes
Connection lost

Rejoining the realm…

Still unreachable

The connection could not be restored.

Session expired

The server has moved on; the page needs a fresh start.